 Dungeon Crawl Stone Soup version 0.29-a0-234-g0dae59b3db (webtiles) character file.

Game seed: 11404455292117645064

620 siradein the Magician (level 7, -2/36 HPs)
             Began as a Deep Elf Ice Elementalist on Mar 3, 2022.
             Was an Initiate of Kikubaaqudgha.
             Slain by a phantom (3 damage)
             ... on level 5 of the Dungeon.
             The game lasted 00:12:19 (4727 turns).

siradein the Magician (Deep Elf Ice Elementalist)   Turns: 4727, Time: 00:12:19

Health: -2/36      AC:  5    Str:  5    XL:     7   Next: 22%
Magic:  13/19      EV: 11    Int: 22    God:    Kikubaaqudgha [......]
Gold:   135        SH:  0    Dex: 15    Spells: 8/19 levels left

rFire   + . .      SeeInvis .   a - +1 dagger (drain)
rCold   . . .      Faith    .   (no shield)
rNeg    . . .      Spirit   .   o - +0 leather armour
rPois   .          Reflect  .   (no helmet)
rElec   .          Harm     .   (no cloak)
rCorr   .          Rampage  .   v - +1 pair of gloves
Will    .....                   (no boots)
Stlth   ++........              (no amulet)
HPRegen 0.12/turn               c - ring of protection from fire
MPRegen 0.16/turn               (no ring)

@: no status effects
A: no striking features
a: Renounce Religion


You were on level 5 of the Dungeon.
You worshipped Kikubaaqudgha.
Kikubaaqudgha was noncommittal.
You visited 2 branches of the dungeon, and saw 6 of its levels.

You collected 205 gold pieces.
You spent 70 gold pieces at shops.

Inventory:

Hand Weapons
 a - a +1 dagger of draining (weapon)
Armour
 o - a +0 leather armour (worn)
 v - a +1 pair of gloves (worn)
Jewellery
 c - a ring of protection from fire (left hand)
 g - an amulet of guardian spirit
Wands
 p - a wand of flame (13)
 t - a wand of acid (10)
Scrolls
 d - 4 scrolls of teleportation {unknown}
 e - 3 scrolls of fog
 h - 2 scrolls of magic mapping {unknown}
 i - a scroll of fear {unknown}
 k - 2 scrolls of enchant weapon {unknown}
 m - a scroll of immolation {unknown}
 q - a scroll of amnesia {unknown}
 r - 2 scrolls of identify
 s - a scroll of acquirement {unknown}
Potions
 b - 2 potions of flight
 f - a potion of haste
 j - a potion of magic
 l - a potion of brilliance {unknown}
 n - a potion of might {unknown}
 u - a potion of heal wounds {unknown}


   Skills:
 - Level 2.4 Dodging
 - Level 2.4 Stealth
 + Level 6.8 Spellcasting
 + Level 3.7 Conjurations
 * Level 1.7 Necromancy
 + Level 6.8 Ice Magic


You had 8 spell levels left.
You knew the following spells:

 Your Spells              Type           Power      Damage    Failure   Level
a - Freeze                Ice            100%       1d11      1%          1
b - Frozen Ramparts       Ice            74%        1d9       2%          3
c - Ozocubu's Armour      Ice            37%        N/A       2%          3
d - Hailstorm             Conj/Ice       30%        3d8       16%         4

Your spell library contained the following spells:

 Spells                   Type           Power      Damage    Failure   Level
 Animate Skeleton         Necr           30%        N/A       7%          1


Dungeon Overview and Level Annotations

Branches:
Dungeon (5/15)             Temple (1/1) D:4

Altars:
Ashenzari
Cheibriados
Elyvilon
Gozag
Hepliaklqana
Kikubaaqudgha
Qazlal
Ru
Trog
Uskayaw
Vehumet
Wu Jian
Xom
The Shining One

Shops:
D:2 ?:(:

Annotations:
D:3 1 runed translucent door, 2 transporters, Cecur's ghost, novice FoFi; Crazy Yiuf
D:4 Edmund


Message History

The wall freezes the phantom but does no damage.
The phantom hits you but does no damage.
You hit the phantom but do no damage.
The phantom is lightly damaged.
The frozen ramparts melt away.
You feel sick.
You are no longer poisoned.
The phantom barely misses you.
You hit the phantom but do no damage.
The phantom is lightly damaged.
The phantom hits you but does no damage.
Your magical contamination has completely faded away.
You miss the phantom.
The phantom is lightly damaged.
The phantom hits you but does no damage.
You hit the phantom but do no damage.
The phantom is lightly damaged.
The phantom hits you but does no damage.
You hit the phantom.
The phantom is moderately damaged.
The phantom barely misses you.
You barely miss the phantom.
The phantom is moderately damaged.
The phantom hits you.
* * * LOW HITPOINT WARNING * * *
You hit the phantom.
The phantom is heavily damaged.
The phantom hits you but does no damage.
You closely miss the phantom.
The phantom is heavily damaged.
The phantom hits you.
* * * LOW HITPOINT WARNING * * *
You hit the phantom but do no damage.
The phantom is heavily damaged.
The phantom hits you.
* * * LOW HITPOINT WARNING * * *
The phantom blinks!
You blink.
Your icy armour cracks and falls away as you move.
Found 5 gold pieces.
The phantom hits you.
You die...
Kikubaaqudgha rasps: "You have failed me!
Welcome... death!"

...(......####.#
#######.###
##ยง## ##...##
#####.....##
.............#
............##
.......#..W#...
.......##@##.?.
....... #.# ....
....... #.# >.
....... ... ...
..... .....
...$..#


You could see a phantom.

Vanquished Creatures
  Menkaure (D:4)
  A scorpion (D:5)
  4 crimson imps (D:4)
  A hound (D:4)
  An orc priest (D:3)
  Ijyb (D:3)
  Jessica (D:2)
  An iguana (D:4)
  3 gnolls (D:4)
  5 adders
  2 worms
  2 dart slugs
  5 orcs
  4 bats
  9 endoplasms
  5 giant cockroaches
  12 goblins
  4 hobgoblins
  3 quokkas
  14 ball pythons
  4 frilled lizards
  4 kobolds
  6 rats
93 creatures vanquished.

Vanquished Creatures (others)
  A fungus (D:2)
  10 plants
11 creatures vanquished.

Grand Total: 104 creatures vanquished

Notes
Turn   | Place    | Note
-------+----------+-------------------------------------------
     0 | D:1      | siradein the Deep Elf Ice Elementalist began the quest for
                  | the Orb.
     0 | D:1      | Reached XP level 1. HP: 10/10 MP: 6/6
   140 | D:1      | Reached XP level 2. HP: 15/15 MP: 5/8
  1026 | D:2      | Reached skill level 5 in Ice Magic
  1026 | D:2      | Reached XP level 3. HP: 19/19 MP: 8/10
  1033 | D:2      | Learned a level 3 spell: Frozen Ramparts
  1037 | D:2      | Learned a level 3 spell: Ozocubu's Armour
  1228 | D:2      | Found Cyotony's Book Boutique.
  1302 | D:2      | Found Lick's Weapon Shoppe.
  1323 | D:2      | Found Pycauqik's Book Shoppe.
  1491 | D:2      | Found Ychotob's Magic Scroll Shop.
  1497 | D:2      | Bought a scroll of fog for 28 gold pieces
  1497 | D:2      | Bought a scroll of identify for 28 gold pieces
  1497 | D:2      | Bought a scroll of noise for 14 gold pieces
  1546 | D:2      | Noticed Jessica
  1563 | D:2      | Killed Jessica
  1564 | D:2      | Reached XP level 4. HP: 24/24 MP: 7/12
  1616 | D:2      | Found a faded altar of an unknown god.
  1621 | D:2      | Got Plato's Disquisition on Evil Magic
  1921 | D:2      | Learned a level 4 spell: Hailstorm
  2081 | D:3      | Found a runed translucent door.
  2083 | D:3      | Noticed Crazy Yiuf
  2113 | D:3      | Noticed Ijyb
  2237 | D:3      | Reached skill level 5 in Spellcasting
  2249 | D:3      | Killed Ijyb
  2250 | D:3      | Reached skill level 1 in Conjurations
  2556 | D:3      | Reached XP level 5. HP: 5/28 MP: 5/14
  2990 | D:3      | Found a transporter.
  3032 | D:3      | Found a transporter.
  3033 | D:3      | Identified the +6 kite shield "Doimuled" {rElec rN+}
  3049 | D:3      | Noticed Cecur's ghost (novice FoFi)
  3155 | D:3      | Found a broken altar of Ashenzari.
  3183 | D:3      | Found a hide-covered altar of Uskayaw.
  3437 | D:4      | You fall into a shaft and drop 1 floor!
  3437 | D:5      | Entered Level 5 of the Dungeon
  3448 | D:5      | Identified the -2 pair of boots "Isaeqoter" {*Corrode Will+
                  | Int+8}
  3637 | D:4      | Found a shimmering altar of Xom.
  3645 | D:4      | Reached XP level 6. HP: 32/32 MP: 6/16
  3740 | D:4      | Noticed Menkaure
  3743 | D:4      | Killed Menkaure
  4290 | D:4      | Found a staircase to the Ecumenical Temple.
  4299 | Temple   | Entered the Ecumenical Temple
  4315 | Temple   | Became a worshipper of Kikubaaqudgha
  4331 | D:4      | Reached XP level 7. HP: 36/36 MP: 14/19
  4333 | D:4      | Reached skill level 1 in Necromancy
  4633 | D:4      | Noticed Edmund
  4726 | D:5      | HP: 1/36 [phantom (1)]
  4727 | D:5      | Slain by a phantom

Illustrated notes

Levels and vault maps discovered:
D:1:      onia_arrival_handbag, layout_basic, minmay_liquid_box
D:2:      layout_rooms, shapermc_ecumenical_altar_rom_forum, serial_shops,
          nicolae_shop_temple_entry_statues_fountains, shop,
          nicolae_diamond_shop, nicolae_lakefront_shop, kennysheep_potato,
          uniq_jessica
D:3:      layout_rooms, mainiacjoe_overflow_big_doors,
          gammafunk_ghost_gnarly_gnolls, uniq_crazy_yiuf_cottage, uniq_ijyb
D:4:      layout_basic, led_xom_imps, minmay_temple_entry_mini_moons,
          minmay_snake_closets, uniq_menkaure, uniq_edmund, uniq_eustachio
D:5:      layout_loops_ring, serial_bayou_pond_e
Temple:   minmay_freezing_vapour_temple

Skill      XL: |  1  2  3  4  5  6  7 |
---------------+----------------------+-----
Spellcasting   | 4 5 6 |  6.8
Ice Magic      | 5 6 |  6.8
Conjurations   | 1 2 3 |  3.7
Necromancy     | 1 |  1.7
Dodging        | |  2.4
Stealth        | |  2.4

Action                   |  1- 3 |  4- 6 |  7- 9 || total
-------------------------+-------+-------+-------++-------
Melee: Rapier            |     5 |       |       ||     5
       Dagger            |       |     2 |    12 ||    14
 Cast: Freeze            |    49 |    56 |    10 ||   115
       Frozen Ramparts   |     2 |     9 |     1 ||    12
       Ozocubu's Armour  |       |       |     1 ||     1
Evoke: Wand              |       |     3 |       ||     3
  Use: Scroll            |       |     3 |       ||     3
 Stab: Sleeping          |     1 |       |       ||     1
Armor: Robe              |     9 |       |       ||     9
       Leather armour    |       |     7 |     5 ||    12
Dodge: Dodged            |    18 |    20 |     8 ||    46

Table legend: (Time is in decaauts)
 A = Elapsed time spent in this place.
 B = Non-inter-level travel time spent in this place.
 C = Inter-level travel time spent in this place.
 D = Time resting spent in this place.
 E = Time spent auto-exploring this place.
 F = Levels seen in this place.
 G = Mean time per level.
                   A        B        C        D        E       F      G
               +--------+--------+--------+--------+--------+-----+--------+
         Total |   4729 |   4675 |     54 |    255 |   3629 |   6 |  788.2 |
       Dungeon |   4707 |   4653 |     54 |    255 |   3619 |   5 |  941.4 |
        Temple |     21 |     21 |      0 |      0 |     10 |   1 |   21.0 |
               +--------+--------+--------+--------+--------+-----+--------+

Top non-repeatable levels by time:
     D:3: 1470 daAuts
     D:4: 1242 daAuts
     D:1: 986 daAuts
     D:2: 935 daAuts
     D:5: 72 daAuts
  Temple: 21 daAuts
